ESL (28 & UNDER)
READING RAINBOWS @ RIO GRANDE RATTLESNAKE
09/16/2029
 
TOP OF THE 1ST
Reading Rainbows batting - Pitching for Rio Grande Rattlesnake : RHP Sterling Caldwell
Pitching: RHP Sterling Caldwell
Batting: RHB Allen Hobbs 0-0: Ground out 6-3 (Groundball, 6)
Batting: SHB Johnny Jackson 0-0: Ball
1-0: Ball
2-0: Ball
3-0: Base on Balls
Batting: RHB Richard Case 0-0: Ball
1-0: Swinging Strike
1-1: Ball
2-1: Foul Ball, location: 2F
2-2: Strikes out looking
Batting: RHB Ethan Moore 0-0: Ball
1-0: Ball
2-0: SINGLE (Groundball, 56D)
Johnny Jackson to second
Batting: SHB Travis Martin 0-0: Called Strike
0-1: SINGLE (Groundball, 6D)
Johnny Jackson to third
Ethan Moore to second
Runner from 3rd tries for Home, throw and OUT!
Top of the 1st over - 0 runs, 2 hits, 0 errors, 2 left on base; Reading 0 - Rio Grande 0
BOTTOM OF THE 1ST
Rio Grande Rattlesnake batting - Pitching for Reading Rainbows : RHP Jason MacKnight
Pitching: RHP Jason MacKnight
Batting: LHB Shawn Brown 0-0: Ball
1-0: Called Strike
1-1: Called Strike
1-2: Ball
2-2: Foul Ball, location: 2F
2-2: Ball
3-2: Strikes out swinging
Batting: LHB Tony Ayala 0-0: Ball
1-0: Ball
2-0: Ball
3-0: Swinging Strike
3-1: Foul Ball, location: 2F
3-2: Strikes out swinging
Batting: LHB Clayton Bailey 0-0: Ball
1-0: Foul Ball, location: 2F
1-1: SINGLE (Groundball, 4MD)
Batting: LHB Justin Holland 0-0: Fly out, F9 (Flyball, 89M)
Bottom of the 1st over - 0 runs, 1 hit, 0 errors, 1 left on base; Reading 0 - Rio Grande 0
TOP OF THE 2ND
Reading Rainbows batting - Pitching for Rio Grande Rattlesnake : RHP Sterling Caldwell
Batting: RHB Edmund Swanson 0-0: Ball
1-0: SINGLE (Flyball, 78S)
Batting: LHB Ryan Flynn 0-0: Ball
1-0: Fly out, F8 (Flyball, 8RXD)
Batting: LHB Dennis McConnell 0-0: Ball
1-0: Ball
2-0: Called Strike
2-1: Ball
3-1: Base on Balls
Edmund Swanson to second
Batting: RHB Hubert Brown 0-0: Ball
1-0: Called Strike
1-1: Foul Ball, location: 2F
1-2: Strikes out swinging
Batting: RHB Allen Hobbs 0-0: Foul Ball, location: 2F
0-1: Ball
1-1: Ball
2-1: Fly out, F3 (Popup, 23F)
Top of the 2nd over - 0 runs, 1 hit, 0 errors, 2 left on base; Reading 0 - Rio Grande 0
BOTTOM OF THE 2ND
Rio Grande Rattlesnake batting - Pitching for Reading Rainbows : RHP Jason MacKnight
Batting: RHB Doug Delaney 0-0: Ball
1-0: Swinging Strike
1-1: Foul Ball, location: 2F
1-2: Ball
2-2: Ball
3-2: Foul Ball, location: 2F
3-2: Ground out 5-3 (Groundball, 56S)
Batting: LHB Ernesto Hernández 0-0: SOLO HOME RUN (Flyball, 9LD), Distance : 338 ft
Batting: RHB Henry Foll 0-0: Called Strike
0-1: Called Strike
0-2: Strikes out swinging
Batting: SHB Don Pittman 0-0: Ball
1-0: Foul Ball, location: 2F
1-1: Ball
2-1: Swinging Strike
2-2: Ball
3-2: Base on Balls
Batting: RHB Geomar Dalsoglio 0-0: Called Strike
0-1: SINGLE (Line Drive, 8RS)
Don Pittman to second
Batting: LHB Shawn Brown 0-0: Called Strike
0-1: Ball
1-1: Foul Ball, location: 2F
1-2: Ball
2-2: Reached on error, E4 (Groundball, 4)
Don Pittman to third
Geomar Dalsoglio to second
Batting: LHB Tony Ayala 0-0: Fly out, F8 (Flyball, 8LM)
Bottom of the 2nd over - 1 run, 2 hits, 1 error, 3 left on base; Reading 0 - Rio Grande 1
TOP OF THE 3RD
Reading Rainbows batting - Pitching for Rio Grande Rattlesnake : RHP Sterling Caldwell
Batting: SHB Johnny Jackson 0-0: Called Strike
0-1: Foul Ball, location: 2F
0-2: Ball
1-2: Ball
2-2: Ball
3-2: Fly out, F7 (Flyball, 7S)
Batting: RHB Richard Case 0-0: Ball
1-0: Ball
2-0: Called Strike
2-1: Swinging Strike
2-2: Strikes out swinging
Batting: RHB Ethan Moore 0-0: Called Strike
0-1: Ball
1-1: SINGLE (Groundball, 6MD)
Batting: SHB Travis Martin 0-0: Ball
1-0: Called Strike
1-1: Called Strike
1-2: Ball
2-2: Ball
3-2: Strikes out swinging
Top of the 3rd over - 0 runs, 1 hit, 0 errors, 1 left on base; Reading 0 - Rio Grande 1
BOTTOM OF THE 3RD
Rio Grande Rattlesnake batting - Pitching for Reading Rainbows : RHP Jason MacKnight
Batting: LHB Clayton Bailey 0-0: Ground out 6-3 (Groundball, 6)
Batting: LHB Justin Holland 0-0: Called Strike
0-1: Called Strike
0-2: Ball
1-2: Strikes out looking
Batting: RHB Doug Delaney 0-0: Foul Ball, location: 2F
0-1: Ground out 4-3 (Groundball, 34)
Bottom of the 3rd over - 0 runs, 0 hits, 0 errors, 0 left on base; Reading 0 - Rio Grande 1
TOP OF THE 4TH
Reading Rainbows batting - Pitching for Rio Grande Rattlesnake : RHP Sterling Caldwell
Batting: RHB Edmund Swanson 0-0: Swinging Strike
0-1: Ball
1-1: Foul Ball, location: 2F
1-2: Ball
2-2: Foul Ball, location: 2F
2-2: Strikes out swinging
Batting: LHB Ryan Flynn 0-0: Foul Ball, location: 2F
0-1: Ball
1-1: Fly out, F9 (Flyball, 89S)
Batting: LHB Dennis McConnell 0-0: Called Strike
0-1: Called Strike
0-2: Ball
1-2: Foul Ball, location: 2F
1-2: Strikes out swinging
Top of the 4th over - 0 runs, 0 hits, 0 errors, 0 left on base; Reading 0 - Rio Grande 1
BOTTOM OF THE 4TH
Rio Grande Rattlesnake batting - Pitching for Reading Rainbows : RHP Jason MacKnight
Batting: LHB Ernesto Hernández 0-0: Ball
1-0: Foul Ball, location: 2F
1-1: Hit by Pitch
Batting: RHB Henry Foll 0-0: Ball
1-0: Called Strike
1-1: Ball
2-1: SINGLE (Line Drive, 4MD)
Ernesto Hernández to second
Batting: SHB Don Pittman 0-0: Called Strike
Ernesto Hernández steals 3rd base
Henry Foll to second
0-1: Ball
1-1: Called Strike
1-2: Strikes out swinging
Batting: RHB Geomar Dalsoglio 0-0: Called Strike
0-1: Foul Ball, location: 2F
0-2: SINGLE (Line Drive, 7S)
Ernesto Hernández scores
Henry Foll to third
Runner from 3rd tries for Home, SAFE, throw made home
Batting: LHB Shawn Brown 0-0: Ball
1-0: Ball
2-0: Ball
3-0: Called Strike
3-1: Foul Ball, location: 2F
3-2: SINGLE (Flyball, 7S)
Geomar Dalsoglio to second
Batting: LHB Tony Ayala 0-0: Ball
1-0: Ball
2-0: Ball
Geomar Dalsoglio steals 3rd base
Shawn Brown to second
3-0: Fly out, F9 (Flyball, 89M)
Runner from 3rd tags up, SCORES, no throw
Batting: LHB Clayton Bailey 0-0: Swinging Strike
0-1: Foul Ball, location: 2F
0-2: Strikes out looking
Bottom of the 4th over - 3 runs, 3 hits, 0 errors, 1 left on base; Reading 0 - Rio Grande 4
TOP OF THE 5TH
Reading Rainbows batting - Pitching for Rio Grande Rattlesnake : RHP Sterling Caldwell
Batting: RHB Hubert Brown 0-0: Ground out 5-3 (Groundball, 56S)
Batting: RHB Allen Hobbs 0-0: Foul Ball, location: 2F
0-1: SINGLE (Line Drive, 78S)
Batting: SHB Johnny Jackson 0-0: Ball
1-0: 2-RUN HOME RUN (Flyball, 9LD), Distance : 328 ft
Batting: RHB Richard Case 0-0: Ground out 5-3 (Groundball, 56S)
Batting: RHB Ethan Moore 0-0: Foul Ball, location: 2F
0-1: Ball
1-1: SINGLE (Line Drive, 89S)
Batting: SHB Travis Martin 0-0: Ball
1-0: Ball
2-0: Swinging Strike
2-1: Ball
3-1: Ground out 4-3 (Groundball, 34D)
Top of the 5th over - 2 runs, 3 hits, 0 errors, 1 left on base; Reading 2 - Rio Grande 4
BOTTOM OF THE 5TH
Rio Grande Rattlesnake batting - Pitching for Reading Rainbows : RHP Jason MacKnight
Batting: LHB Justin Holland 0-0: Ball
1-0: Called Strike
1-1: Ground out U3 (Groundball, 34)
Batting: RHB Doug Delaney 0-0: Called Strike
0-1: Ball
1-1: Ball
2-1: Ball
3-1: Base on Balls
Batting: LHB Ernesto Hernández 0-0: Ball
1-0: Called Strike
Doug Delaney steals 2nd base
1-1: Swinging Strike
1-2: Strikes out looking
Batting: RHB Henry Foll 0-0: Called Strike
0-1: Ball
1-1: Swinging Strike
1-2: Ball
2-2: Strikes out looking
Bottom of the 5th over - 0 runs, 0 hits, 0 errors, 1 left on base; Reading 2 - Rio Grande 4
TOP OF THE 6TH
Reading Rainbows batting - Pitching for Rio Grande Rattlesnake : RHP Sterling Caldwell
Batting: RHB Edmund Swanson 0-0: Ball
1-0: Swinging Strike
1-1: Ball
2-1: SOLO HOME RUN (Flyball, 8RXD), Distance : 398 ft
Batting: LHB Ryan Flynn 0-0: Ball
1-0: Fly out, F8 (Flyball, 8RD)
Batting: LHB Dennis McConnell 0-0: Ground out 3-1 (Groundball, 34S)
Batting: RHB Hubert Brown 0-0: Foul Ball, location: 2F
0-1: Ball
1-1: Ball
2-1: Ball
3-1: Foul Ball, location: 2F
3-2: Base on Balls
Batting: RHB Allen Hobbs 0-0: Ball
1-0: Fly out, F8 (Flyball, 8LM)
Top of the 6th over - 1 run, 1 hit, 0 errors, 1 left on base; Reading 3 - Rio Grande 4
BOTTOM OF THE 6TH
Rio Grande Rattlesnake batting - Pitching for Reading Rainbows : RHP Jason MacKnight
Batting: SHB Don Pittman 0-0: Called Strike
0-1: Ball
1-1: Foul Ball, location: 2F
1-2: Strikes out swinging
Batting: RHB Geomar Dalsoglio 0-0: Ball
1-0: Ball
2-0: Ball
3-0: Base on Balls
Pitching: RHP Cory Powell
Batting: LHB Shawn Brown 0-0: Ball
1-0: Ball
2-0: Ball
3-0: Called Strike
3-1: Grounds into double play, 6-4-3 (Groundball, 6)
Bottom of the 6th over - 0 runs, 0 hits, 0 errors, 0 left on base; Reading 3 - Rio Grande 4
TOP OF THE 7TH
Reading Rainbows batting - Pitching for Rio Grande Rattlesnake : RHP Sterling Caldwell
Batting: SHB Johnny Jackson 0-0: Called Strike
0-1: Swinging Strike
0-2: Ball
1-2: Ball
2-2: Strikes out swinging
Batting: RHB Richard Case 0-0: Foul Ball, location: 2F
0-1: Foul Ball, location: 2F
0-2: Ball
1-2: Ball
2-2: Strikes out swinging
Batting: RHB Ethan Moore 0-0: Ball
1-0: Ball
2-0: Called Strike
2-1: Ball
3-1: Fly out, F7 (Line Drive, 7LM)
Top of the 7th over - 0 runs, 0 hits, 0 errors, 0 left on base; Reading 3 - Rio Grande 4
BOTTOM OF THE 7TH
Rio Grande Rattlesnake batting - Pitching for Reading Rainbows : RHP Cory Powell
Batting: LHB Tony Ayala 0-0: Called Strike
0-1: Called Strike
0-2: Ball
1-2: Fly out, F4 (Line Drive, 4M)
Batting: LHB Clayton Bailey 0-0: Fly out, F7 (Flyball, 7LD)
Batting: LHB Justin Holland 0-0: Foul Ball, location: 2F
0-1: Foul Ball, location: 2F
0-2: Ball
1-2: Strikes out swinging
Bottom of the 7th over - 0 runs, 0 hits, 0 errors, 0 left on base; Reading 3 - Rio Grande 4
TOP OF THE 8TH
Reading Rainbows batting - Pitching for Rio Grande Rattlesnake : RHP Sterling Caldwell
Pitching: RHP José Estrada
Now at 1B: Paul Martin
Now in CF: Alberto Roberts
Batting: SHB Travis Martin 0-0: Called Strike
0-1: Ground out 6-3 (Groundball, 6)
Batting: RHB Edmund Swanson 0-0: Ball
1-0: Ground out 6-3 (Groundball, 6)
Batting: LHB Ryan Flynn 0-0: Called Strike
0-1: Ball
1-1: Ball
2-1: Foul Ball, location: 2F
2-2: Ground out 4-3 (Groundball, 34)
Top of the 8th over - 0 runs, 0 hits, 0 errors, 0 left on base; Reading 3 - Rio Grande 4
BOTTOM OF THE 8TH
Rio Grande Rattlesnake batting - Pitching for Reading Rainbows : RHP Cory Powell
Batting: RHB Doug Delaney 0-0: Ball
1-0: Called Strike
1-1: Foul Ball, location: 2F
1-2: Ball
2-2: Foul Ball, location: 2F
2-2: Ball
3-2: Foul Ball, location: 2F
3-2: Foul Ball, location: 2F
3-2: Foul Ball, location: 2F
3-2: Fly out, F5 (Popup, 15S)
Batting: LHB Ernesto Hernández 0-0: Called Strike
0-1: Foul Ball, location: 2F
0-2: Ball
1-2: Ball
2-2: Ball
3-2: Foul Ball, location: 2F
3-2: SOLO HOME RUN (Flyball, 9D), Distance : 372 ft
Batting: RHB Henry Foll 0-0: Ground out 4-3 (Groundball, 4)
Batting: SHB Don Pittman 0-0: Foul Ball, location: 2F
0-1: Fly out, F7 (Flyball, 7D)
Bottom of the 8th over - 1 run, 1 hit, 0 errors, 0 left on base; Reading 3 - Rio Grande 5
TOP OF THE 9TH
Reading Rainbows batting - Pitching for Rio Grande Rattlesnake : RHP José Estrada
Pitching: RHP Gilberto Delgado
Batting: LHB Dennis McConnell 0-0: Ball
1-0: Ball
2-0: Ball
3-0: Called Strike
3-1: Foul Ball, location: 2F
3-2: Strikes out looking
Batting: RHB Hubert Brown 0-0: Ball
1-0: Called Strike
1-1: Ball
2-1: Ball
3-1: Ground out 5-3 (Groundball, 56)
Batting: RHB Allen Hobbs 0-0: Called Strike
0-1: Foul Ball, location: 2F
0-2: Ball
1-2: Ground out 5-3 (Groundball, 56S)
Top of the 9th over - 0 runs, 0 hits, 0 errors, 0 left on base; Reading 3 - Rio Grande 5
Saturday, December 16th, 2017 - OOTP Baseball 18.8 Build 76